 Dungeon Crawl Stone Soup version 0.31-a0-978-g1e143483b6 (webtiles) character file.

Game seed: 13954644086898243503

6241 MacCMillion the Nimble (level 10, -3/60 HPs)
             Began as an Octopode Shapeshifter on Oct 30, 2023.
             Was an Initiate of Gozag.
             Slain by an unseen horror (9 damage)
             ... on level 9 of the Dungeon.
             The game lasted 00:20:33 (13090 turns).

MacCMillion the Nimble (Octopode Shapeshifter)     Turns: 13090, Time: 00:20:33

Health: -3/60      AC:  1    Str: 17    XL:     10   Next: 93%
Magic:  19/19      EV: 16    Int: 14    God:    Gozag
Gold:   2192       SH:  0    Dex: 11    Spells: 9/9 levels left

rFire   + .          .
                       - Unarmed
rCold   . . .        (shield currently unavailable)
rNeg    . . .        (helmet restricted)
rPois   .            (no amulet)
rElec   .            o - ring of magical power
rCorr   .            s - ring of wizardry
SInv    .            F - ring of protection from fire
Will    .....        (no ring)
Stlth   ++           (no ring)
HPRegen 0.30/turn    (no ring)
MPRegen 0.16/turn    (no ring)
                     (no ring)

%: wizardry (x1)
@: blade tentacles
A: reduced hp, almost no armour, amphibious, 8 rings, camouflage 1, gelatinous
body 1, (nimble swimmer 1), tentacles
a: Begin Untransformation, Renounce Religion, Potion Petition, Call Merchant,
Bribe Branch


You were on level 9 of the Dungeon.
You worshipped Gozag.
Gozag was most pleased with you.
You had blades for main tentacles.
You visited 2 branches of the dungeon, and saw 10 of its levels.
You also visited: Sewer and Bailey.

You collected 2274 gold pieces.
You paid 82 gold pieces to Gozag.

Inventory:

Missiles
 g - 6 atropa-tipped darts (quivered)
 C - a curare-tipped dart
 K - 16 poisoned darts
Jewellery
 e - a ring of protection from fire
 o - a ring of magical power (left blade tentacle)
 s - a ring of wizardry (right blade tentacle)
 E - an amulet of magic regeneration
 F - a ring of protection from fire (on tentacle)
 N - an amulet of guardian spirit
Talismans
 b - a beast talisman
 c - a flux talisman
 z - a maw talisman
 M - a blade talisman (active)
Wands
 y - a wand of charming (2)
 D - a wand of roots (5)
Scrolls
 d - 3 scrolls of noise {unknown}
 f - a scroll of amnesia
 h - 3 scrolls of fog
 i - 3 scrolls of enchant weapon
 j - 2 scrolls of torment {unknown}
 k - 2 scrolls of fear
 l - a scroll of vulnerability
 p - a scroll of immolation {unknown}
 r - a scroll of poison {unknown}
 t - 2 scrolls of brand weapon {unknown}
 x - 2 scrolls of revelation {unknown}
 H - a scroll of blinking {unknown}
 I - 3 scrolls of enchant armour {unknown}
Potions
 a - a potion of lignification
 m - 3 potions of might
 n - a potion of brilliance {unknown}
 q - 3 potions of curing {unknown}
 u - 3 potions of mutation
 v - 3 potions of heal wounds
 w - a potion of ambrosia {unknown}
 A - 3 potions of haste
 B - a potion of enlightenment {unknown}
 G - 4 potions of magic
 J - a potion of invisibility {unknown}
 L - 2 potions of attraction {unknown}
 O - a potion of berserk rage {unknown}


   Skills:
 - Level 8.0 Fighting
 + Level 8.8 Dodging
 - Level 8.0 Unarmed Combat
 + Level 8.4 Shapeshifting


You had 9 spell levels left.
You didn't know any spells.
Your spell library contained the following spells:

 Spells                   Type           Power      Damage    Failure   Level
 Apportation              Tloc           0%         N/A       12%         1
 Jinxbite                 Hex            0%         N/A       17%         2
 Inner Flame              Hex/Fire       0%         N/A       32%         3
 Alistair's Intoxication  Tmut/Pois      0%         N/A       95%         5
 Summon Forest            Summ/Tloc      0%         N/A       95%         5
 Yara's Violent Unravell  Hex/Tmut       0%         3d3       95%         5
 Eringya's Noxious Bog    Tmut/Pois      0%         4d6       100%        6
 Enfeeble                 Hex            0%         N/A       100%        7
 Summon Hydra             Summ           0%         N/A       100%        7


Dungeon Overview and Level Annotations

Branches:
Dungeon (9/15)             Temple (1/1) D:6            Lair (0/5) D:8
  Sewer (visited)          Bailey (visited)
    Orc: D:9-12

Altars:
Ashenzari
Elyvilon
Fedhas
Gozag
Hepliaklqana
Kikubaaqudgha
Makhleb
Nemelex Xobeh
Okawaru
Qazlal
Ru
Sif Muna
Trog
Uskayaw
Vehumet
Wu Jian
Xom
Yredelemnul
Zin
The Shining One

Shops:
D:7 *


Innate Abilities, Weirdness & Mutations

You have blades for main tentacles.
Your maximum health is decreased, since you lack skill for your form.
You are incapable of wielding weapons or throwing items.
You cannot wear most types of armour.
You are amphibious.
You can wear up to eight rings at the same time.
Your skin changes colour to match your surroundings (Stealth+).
Your rubbery body absorbs attacks. (AC +1, EV +1)
((You are camouflaged when in or above water. (Stealth+)))
You have tentacles for arms and can constrict up to eight enemies at once.


Message History

You start resting.
Your transformation is almost over.
You feel less wooden.
Your main tentacles turn into razor-sharp scythe blades.
You start resting.
HP restored.
You start waiting.
Done waiting.
You start waiting.
Done waiting.
You now have 2192 gold pieces (gained 27).
q - 3 grey potions (gained 1)
O - a blue potion Something closely misses you.
Something hits you.
Deactivating autopickup; reactivate with Ctrl-A.
There is a strange disturbance nearby!
There is a strange disturbance nearby!
No target in view!
No target in view!
You miss something. Your squeeze misses something. Something hits you.
You slash something! Something hits you! Something hits you.
Something closely misses you.
You closely miss something. Your squeeze misses something. Something hits you.
Something barely misses you. Something hits you. x2
Something barely misses you. Something hits you. Something hits you!
You miss something. Your slash misses something. You squeeze something!
Something hits you.
* * * LOW HITPOINT WARNING * * *
Something completely misses you. Something hits you.
* * * LOW HITPOINT WARNING * * *
You slash something! Your slash misses something. Something hits you.
* * * LOW HITPOINT WARNING * * *
You closely miss something. Your squeeze misses something. Something hits you!
* * * LOW HITPOINT WARNING * * *
Something hits you!
You die...
Your body crumbles into a pile of gold.

..#.###.. #.....#.#
#.....#.#
##.....#.# ..
##......#.#
#.##.......#.#
#.....######.# .
#.....#...@..#
..##.....#.######
..........#.#
..........#.# #.
#........#
#.##........#
..#..##.#### #
#.#..##.#
#.##.#..#..########


There were no monsters in sight!

Vanquished Creatures
  A cyclops (D:8)
  A komodo dragon (D:8)
  A wraith (D:7)
  2 yaks (D:8)
  A vampire mosquito (D:7)
  An acid dragon (D:9)
  3 sky beasts
  3 water moccasins (D:8)
  4 orc warriors
  2 black bears (D:8)
  An ice beast (D:6)
  A centaur (D:9)
  3 ogres
  3 phantoms
  2 kobold brigands
  5 scorpions
  10 bullfrogs
  11 wights
  13 killer bees
  2 jellies
  4 orc priests
  Natasha (twice) (D:3)
  6 iguanas
  3 orc wizards
  8 gnolls
  15 adders
  9 river rats
  A shadow imp (D:8)
  4 white imps
  2 ufetubi (D:7)
  3 dart slugs
  4 worms
  20 orcs
  3 bat zombies (D:2)
  9 endoplasms
  7 giant cockroaches
  15 hobgoblins
  7 jackals
  24 kobolds
  5 quokkas
  17 ball pythons
  A ball python skeleton (D:2)
  6 bats
  5 frilled lizards
  11 goblins
  2 quokka skeletons (D:2)
  31 rats
  4 rat zombies (D:6)
298 creatures vanquished.

Notes
Turn   | Place    | Note
-------+----------+-------------------------------------------
     0 | D:1      | MacCMillion the Octopode Shapeshifter began the quest for
                  | the Orb.
     0 | D:1      | Reached XP level 1. HP: 13/13 MP: 1/1
   198 | D:1      | Reached XP level 2. HP: 18/18 MP: 2/2
   280 | D:1      | Reached XP level 3. HP: 15/24 MP: 3/3
  1157 | D:2      | Reached XP level 4. HP: 28/30 MP: 4/4
  1850 | D:3      | Found a shimmering altar of Xom.
  2021 | D:2      | Reached XP level 5. HP: 29/36 MP: 5/5
  2258 | D:3      | Noticed Natasha
  2263 | D:3      | Killed Natasha
  2483 | D:3      | Noticed Natasha
  2489 | D:3      | Killed Natasha
  2721 | D:3      | Found a basalt altar of Yredelemnul.
  2744 | D:3      | Reached skill level 5 in Unarmed Combat
  3017 | D:4      | Noticed an ogre
  3017 | D:4      | Noticed an ogre
  3027 | D:3      | Reached XP level 6. HP: 43/43 MP: 6/6
  3087 | D:4      | Found a sparkling altar of Nemelex Xobeh.
  3221 | D:4      | Found a white marble altar of Elyvilon.
  3259 | D:4      | Reached skill level 5 in Fighting
  3259 | D:4      | Reached XP level 7. HP: 50/50 MP: 7/7
  3574 | D:4      | Found a blossoming altar of Fedhas.
  3857 | D:4      | Reached XP level 8. HP: 34/57 MP: 8/8
  4052 | D:5      | Entered Level 5 of the Dungeon
  4209 | D:5      | Found a sacrificial altar of Ru.
  5606 | D:6      | Found an ancient bone altar of Kikubaaqudgha.
  5628 | D:6      | Found a glowing drain.
  5663 | Sewer    | Entered a sewer
  5726 | Sewer    | Reached XP level 9. HP: 65/66 MP: 9/9
  6688 | D:6      | Found a hazy altar of Hepliaklqana.
  6738 | D:6      | Found a hide-covered altar of Uskayaw.
  6768 | D:6      | Found a staircase to the Ecumenical Temple.
  6850 | Temple   | Entered the Ecumenical Temple
  6859 | Temple   | Became a worshipper of Gozag Ym Sagoz the Greedy
  6937 | D:7      | Found a flagged portal.
  6950 | Bailey   | Entered a bailey
  6974 | Bailey   | Noticed an orc warlord
  7150 | Bailey   | Reached skill level 5 in Shapeshifting
  7389 | Bailey   | Reached skill level 5 in Dodging
  7427 | Bailey   | Found a runed translucent gate.
  7429 | Bailey   | Found a runed translucent gate.
  7430 | Bailey   | Found a runed translucent gate.
  8614 | D:7      | Acquired 1058 gold pieces
  8652 | D:7      | HP: 2/66 [wraith (7)]
  9219 | D:7      | You fall into a shaft and drop 1 floor!
  9219 | D:8      | Found a radiant altar of Vehumet.
  9273 | D:8      | Noticed a komodo dragon
  9303 | D:8      | Killed a komodo dragon
  9304 | D:8      | Reached XP level 10. HP: 23/72 MP: 10/10
  9878 | D:8      | Found a staircase to the Lair.
  9894 | D:8      | Noticed a cyclops
  9904 | D:8      | Killed a cyclops
 10378 | D:7      | Found Zin's Purification Station.
 10381 | D:7      | Found a glowing silver altar of Zin.
 13090 | D:9      | Slain by an unseen horror

Illustrated notes

Levels and vault maps discovered:
D:1:      dpeg_arrival_morbid_curiosity, layout_basic
D:2:      layout_basic, serial_undead, serial_undead_b, serial_undead_b,
          serial_undead_b, serial_undead_e, serial_undead_c
D:3:      layout_basic, lemuel_doored_altar, old_standard_altar,
          kennysheep_nondescript, roderic_lattice_a, uniq_natasha
D:4:      old_forge, layout_rooms, nicolae_overflow_crystal_walls,
          mainiacjoe_overflow_24_doors, overflow_temple_1_default
D:5:      layout_basic, mainiacjoe_overflow_surrounded_room
D:6:      layout_loops_ring, worldfamousw_hep_ancestral_shrine,
          lemuel_zombie_altar_kikubaaqudgha, kennysheep_mini_moat,
          minmay_temple_entry_mini_moons, portal_sewer_entry_b, st_stairs_4
D:7:      layout_cave_pools, zin_purify, enter_bailey_2,
          kennysheep_generic_room_16
D:8:      layout_loops_cross, amcnicky_altar_gilded, due_lair_maze_entry_diamond
D:9:      layout_loops_cross, nicolae_dithmenos_the_darkroom,
          serial_co_window_serial, co_window_corner_a, co_window_corner_a,
          co_window_paths_a, co_window_of_opportunity_a, co_window_paths_a,
          co_window_of_opportunity_a, co_window_corner_b,
          co_window_of_opportunity_c, co_window_broadway_a, co_window_cross_3,
          co_window_corner_b, co_window_paths_d, glass_columns_b,
          glass_columns_a, glass_columns_c
Temple:   nicolae_temple_ecumenical_triangle

Skill      XL: |  1  2  3  4  5  6  7  8  9 10 |
---------------+-------------------------------+-----
Fighting       | 2 3 4 5 6 8 |  8.0
Unarmed Combat | 4 5 6 8 |  8.0
Dodging        | 6 8 |  8.8
Shapeshifting  | 6 8 |  8.4

Action                     |  1- 3 |  4- 6 |  7- 9 | 10-12 || total
---------------------------+-------+-------+-------+-------++-------
  Melee: Unarmed           |    81 |   115 |   327 |   160 ||   683
         Tentacles         |    21 |    23 |    52 |    30 ||   126
         Constrict         |    19 |    30 |    66 |    30 ||   145
         Punch             |     2 |     3 |    13 |     9 ||    27
         Maw               |       |       |       |     5 ||     5
  Throw: Dart              |       |     4 |     8 |       ||    12
  Evoke: Wand              |       |       |     2 |     1 ||     3
    Use: Scroll            |       |       |    13 |     1 ||    14
         Potion            |       |       |     1 |     2 ||     3
   Stab: Sleeping          |     9 |     8 |    10 |     3 ||    30
 Armour: Skin              |    25 |    37 |   172 |   100 ||   334
  Dodge: Dodged            |    43 |    51 |   187 |   107 ||   388
   Form: Blade             |       |       |       |     1 ||     1
         Maw               |       |       |       |     1 ||     1

Table legend: (Time is in decaauts)
 A = Elapsed time spent in this place.
 B = Non-inter-level travel time spent in this place.
 C = Inter-level travel time spent in this place.
 D = Time resting spent in this place.
 E = Time spent auto-exploring this place.
 F = Levels seen in this place.
 G = Mean time per level.
                   A        B        C        D        E       F      G
               +--------+--------+--------+--------+--------+-----+--------+
         Total |  13026 |  12763 |    263 |   4104 |   6045 |  12 | 1085.5 |
       Dungeon |  10639 |  10376 |    263 |   2799 |   5692 |   9 | 1182.1 |
        Temple |     16 |     16 |      0 |      0 |      0 |   1 |   16.0 |
         Sewer |    714 |    714 |      0 |    330 |    160 |   1 |  714.0 |
        Bailey |   1656 |   1656 |      0 |    975 |    193 |   1 | 1656.0 |
               +--------+--------+--------+--------+--------+-----+--------+

Top non-repeatable levels by time:
     D:8: 1888 daAuts
  Bailey: 1656 daAuts
     D:7: 1218 daAuts
     D:6: 1174 daAuts
     D:5: 1170 daAuts
     D:9: 1156 daAuts
     D:3: 1126 daAuts
     D:1: 1111 daAuts
     D:4: 974 daAuts
     D:2: 819 daAuts
   Sewer: 714 daAuts
  Temple: 16 daAuts
